[Event "Titled Tuesday Blitz February 28 Late 2023"]
[White "Mendez Machado, Andre"]
[Black "Toncheva, Nadya"]
[WhiteFideId "6603793"]
[BlackFideId "2924056"]
[WhiteElo "1989"]
[BlackElo "2101"]
[Result "0-1"]
[Round "02"]
[TimeControl "180+2"]
[Date "2023.02.28"]
[WhiteClock "0:00:02"]
[BlackClock "0:00:19"]

1. e4 c5 2. Nc3 Nc6 3. Bb5 Nd4 4. Nf3 a6 5. Bd3 Nc6 6. O-O e6 7. Nd5 g6 8. Re1 Bg7 9. c3 d6 10. Ne3 Nge7 11. Bc2 e5 12. b3 O-O 13. Bb2 h6 14. d4 exd4 15. cxd4 d5 16. exd5 Nxd5 17. Nxd5 Qxd5 18. Be4 Qh5 19. Bxc6 bxc6 20. Rc1 Rd8 21. Ne5 Qxd1 22. Rexd1 cxd4 23. Nxc6 Re8 24. Bxd4 Bg4 25. f3 Bf5 26. Bxg7 Kxg7 27. Nd4 Bc8 28. Kf2 a5 29. Re1 Rd8 30. Nc6 Rd2+ 31. Re2 Rd6 32. Ne5 Ba6 33. Rec2 Re8 34. Nc4 Rd5 35. Re1 Red8 36. Ree2 a4 37. g3 axb3 38. axb3 Rb8 39. Rb2 Rdb5 40. Re3 Rb4 41. Rc3 Bxc4 42. Rxc4 Rxc4 0-1


[Site "https://www.chess.com"]

[Event "Titled Tuesday Blitz February 28 Late 2023"]
[White "Vovk, Orest"]
[Black "Simonovic, Miroslav"]
[WhiteFideId "14113490"]
[BlackFideId "919152"]
[WhiteElo "2215"]
[BlackElo "2057"]
[Result "0-1"]
[Round "02"]
[TimeControl "180+2"]
[Date "2023.02.28"]
[WhiteClock "0:00:05"]
[BlackClock "0:00:12"]

1. h3 c5 2. g4 Nc6 3. Bg2 g6 4. Nc3 Bg7 5. e4 e5 6. Nd5 Nge7 7. Nxe7 Qxe7 8. d3 h6 9. Ne2 O-O 10. Be3 d6 11. O-O f5 12. exf5 gxf5 13. f3 f4 14. Bf2 d5 15. c3 b6 16. Re1 Qf6 17. Qa4 Bb7 18. h4 Ne7 19. Nxf4 Bc6 20. Nxd5 Nxd5 21. Qb3 Kh8 22. Bg3 Rae8 23. Re2 Nf4 24. Bxf4 exf4 25. Rae1 Qxh4 26. Rxe8 Rxe8 27. Rxe8+ Bxe8 28. Qe6 Qd8 29. Bf1 Qd7 30. Qe4 Qf7 31. d4 cxd4 32. Bd3 Kg8 33. cxd4 Kf8 34. d5 Qf6 35. Kg2 Qxb2+ 36. Kh3 Qe5 37. Qb4+ Kg8 38. Bf5 Qxd5 39. Be4 Qc5 40. Qd2 Bf7 41. Qd8+ Bf8 42. Qd7 Qg1 43. g5 Qg3# 0-1


[Site "https://www.chess.com"]

[Event "Titled Tuesday Blitz February 28 Late 2023"]
[White "Huang, Alex"]
[Black "Kochetov, Andrey"]
[WhiteFideId "4302508"]
[BlackFideId "24130532"]
[WhiteElo "2029"]
[BlackElo "2474"]
[Result "0-1"]
[Round "02"]
[TimeControl "180+2"]
[Date "2023.02.28"]
[WhiteClock "0:00:13"]
[BlackClock "0:00:05"]

1. d4 Nf6 2. Nf3 e6 3. Bf4 c5 4. e3 d5 5. c3 Bd6 6. Bb5+ Nc6 7. Bg3 O-O 8. Nbd2 Qe7 9. Bxc6 bxc6 10. Qa4 Bd7 11. Bxd6 Qxd6 12. Qa3 a5 13. dxc5 Qc7 14. O-O e5 15. e4 h6 16. Rfe1 Rfe8 17. Rac1 Nh5 18. Qa4 Nf4 19. Qc2 g6 20. b4 f5 21. exd5 cxd5 22. Nb3 e4 23. Nfd4 Nd3 24. Qd2 axb4 25. cxb4 Kh7 26. Na5 Nxc1 27. Rxc1 f4 28. a4 Bxa4 29. c6 e3 30. fxe3 fxe3 31. Qe2 Qf4 32. Rf1 Qxd4 33. Rf7+ Kg8 34. Rf6 Qxf6 35. h3 Bb5 36. Qe1 e2 37. Kh2 Qf1 38. Qg3 Kh7 39. Qc7+ Kg8 40. Qg3 Qf7 41. c7 e1=Q 0-1


[Site "https://www.chess.com"]

[Event "Titled Tuesday Blitz February 28 Late 2023"]
[White "Kleinman, Michael"]
[Black "Onslow, Alfie"]
[WhiteFideId "2609479"]
[BlackFideId "436976"]
[WhiteElo "2287"]
[BlackElo "2114"]
[Result "1-0"]
[Round "02"]
[TimeControl "180+2"]
[Date "2023.02.28"]
[WhiteClock "0:01:01"]
[BlackClock "0:01:39"]

1. e4 d6 2. d4 Nf6 3. Nc3 e5 4. Nf3 Nbd7 5. Bc4 Be7 6. O-O O-O 7. a4 exd4 8. Qxd4 Ng4 9. Bf4 Bf6 10. Qd2 Nge5 11. Nxe5 Nxe5 12. Be2 Be6 13. Nd5 Bxd5 14. exd5 Re8 15. Rfe1 Ng6 16. Be3 Bxb2 17. Rab1 Qf6 18. Qd3 b6 19. c4 Be5 20. g3 a5 21. Bg4 Bc3 22. Re2 Ne5 23. Qf5 Qxf5 24. Bxf5 Nf3+ 25. Kf1 Nd4 26. Bxd4 Bxd4 27. Rbe1 g6 28. Rxe8+ Rxe8 29. Rxe8+ Kg7 1-0


[Site "https://www.chess.com"]

[Event "Titled Tuesday Blitz February 28 Late 2023"]
[White "Wang, Alexander J"]
[Black "Petrovic, Aleksa"]
[WhiteFideId "30955270"]
[BlackFideId "967629"]
[WhiteElo "2219"]
[BlackElo "2304"]
[Result "0-1"]
[Round "02"]
[TimeControl "180+2"]
[Date "2023.02.28"]
[WhiteClock "0:01:26"]
[BlackClock "0:02:01"]

1. e4 e6 2. d4 d5 3. e5 c5 4. c3 Qb6 5. Nf3 Nc6 6. Be2 Bd7 7. O-O Rc8 8. Be3 Qxb2 9. Qb3 Qxb3 10. axb3 cxd4 11. cxd4 a6 12. Nbd2 Bb4 13. Rfc1 Nge7 14. Bd3 h6 15. g4 Na5 16. Kf1 Rxc1+ 17. Rxc1 Nec6 18. Ke2 Ke7 19. h4 Rc8 20. g5 hxg5 21. Bxg5+ f6 22. exf6+ gxf6 23. Be3 Nxd4+ 24. Nxd4 Rxc1 25. Nc4 dxc4 26. Bxc1 cxd3+ 27. Kxd3 Nc6 28. Nf3 e5 29. h5 Bf5+ 30. Ke2 Bg4 31. h6 Nd4+ 32. Kf1 Kf7 33. Nh4 Kg8 34. Be3 Nf5 35. Nxf5 Bxf5 36. Kg2 Kh7 37. Kg3 Bf8 38. Kh4 Bxh6 0-1


[Site "https://www.chess.com"]

[Event "Titled Tuesday Blitz February 28 Late 2023"]
[White "Sokac, Marko"]
[Black "Lopez Perdomo, Juan David"]
[WhiteFideId "14531356"]
[BlackFideId "4405137"]
[WhiteElo "2355"]
[BlackElo "1965"]
[Result "1-0"]
[Round "02"]
[TimeControl "180+2"]
[Date "2023.02.28"]
[WhiteClock "0:01:48"]
[BlackClock "0:01:31"]

1. e4 e6 2. d4 d5 3. Nc3 Bb4 4. Ne2 Nf6 5. e5 Nfd7 6. a3 Be7 7. f4 c5 8. g3 cxd4 9. Nxd4 Nc6 10. Nf3 f6 11. exf6 Bxf6 12. Bd3 e5 13. fxe5 Ndxe5 14. Nxe5 Nxe5 15. Bf4 Bg4 16. Be2 Bxe2 17. Qxe2 O-O 18. O-O-O Nc4 19. Nxd5 Bxb2+ 20. Kb1 Qc8 21. Ne7+ 1-0


[Site "https://www.chess.com"]

[Event "Titled Tuesday Blitz February 28 Late 2023"]
[White "Papayan, Oleg"]
[Black "Cueto, Jonny"]
[WhiteFideId "4193911"]
[BlackFideId "3300145"]
[WhiteElo "2153"]
[BlackElo "2212"]
[Result "1-0"]
[Round "02"]
[TimeControl "180+2"]
[Date "2023.02.28"]
[WhiteClock "0:00:08"]
[BlackClock "0:00:01"]

1. e4 e6 2. d4 d5 3. Nc3 Nf6 4. Bd2 Be7 5. e5 Nfd7 6. f4 c5 7. Nf3 Nc6 8. Be3 O-O 9. dxc5 Nxc5 10. Be2 a6 11. O-O b5 12. Nd4 Bd7 13. Bf3 Nxd4 14. Bxd4 Rc8 15. Kh1 b4 16. Ne2 a5 17. Rf2 Bb5 18. Ng3 f6 19. exf6 Bxf6 20. Bg4 Bxd4 21. Qxd4 Qf6 22. Qxf6 gxf6 23. Re1 Kf7 24. Bh5+ Kg7 25. Bf3 Na4 26. Rxe6 d4 27. Re7+ Rf7 28. Nf5+ Kg8 29. Rxf7 Re8 30. Re7 Rc8 31. Bd5+ Kf8 32. Rf7+ Ke8 33. Nd6+ Kd8 34. Nxc8 Kxc8 35. Rxf6 Nc5 36. Bc6 Bc4 37. Bf3 a4 38. Rd2 d3 39. cxd3 Bxa2 40. d4 Nd7 41. Bg4 a3 42. bxa3 bxa3 43. Rd6 Bf7 44. Rxd7 Bb3 45. Ra7+ Kb8 46. Rxa3 Bc2 47. Rxc2 Kb7 48. Rb3+ Ka6 49. Ra2# 1-0


[Site "https://www.chess.com"]

[Event "Titled Tuesday Blitz February 28 Late 2023"]
[White "Womacka, Mathias"]
[Black "Gamage, Wanshini Vidusama"]
[WhiteFideId "4611390"]
[BlackFideId "9953752"]
[WhiteElo "2377"]
[BlackElo "2200"]
[Result "1-0"]
[Round "02"]
[TimeControl "180+2"]
[Date "2023.02.28"]
[WhiteClock "0:01:03"]
[BlackClock "0:01:07"]

1. e4 c5 2. Nf3 d6 3. d4 cxd4 4. Nxd4 Nf6 5. Nc3 a6 6. Be2 e5 7. Nb3 Be7 8. O-O O-O 9. Kh1 Nc6 10. f4 b5 11. a4 b4 12. Nd5 Nxe4 13. Bf3 Bf5 14. g4 Bh4 15. Qe2 Nf2+ 16. Rxf2 Bxf2 17. Qxf2 Bd7 18. f5 Rc8 19. f6 Be6 20. g5 Bxd5 21. Bxd5 Qd7 22. Be3 Qg4 23. Rg1 Qd7 24. fxg7 Kxg7 25. Qf6+ Kg8 26. g6 Qe7 27. gxf7# 1-0


[Site "https://www.chess.com"]

[Event "Titled Tuesday Blitz February 28 Late 2023"]
[White "Sailer, Mike"]
[Black "Mikhalsky, Vladimir"]
[WhiteFideId "2012901"]
[BlackFideId "14144352"]
[WhiteElo "2109"]
[BlackElo "2272"]
[Result "1-0"]
[Round "02"]
[TimeControl "180+2"]
[Date "2023.02.28"]
[WhiteClock "0:00:16"]
[BlackClock "0:00:11"]

1. d4 g6 2. Nf3 Bg7 3. Bf4 d6 4. e3 c5 5. c3 Nd7 6. Be2 Ngf6 7. O-O Nh5 8. Bg5 h6 9. Bh4 g5 10. Nfd2 gxh4 11. Bxh5 h3 12. g3 Nf6 13. Bf3 h5 14. dxc5 dxc5 15. Ne4 Nxe4 16. Qxd8+ Kxd8 17. Bxe4 Bg4 18. Na3 a6 19. f3 Be6 20. Rfd1+ Kc7 21. Kf2 h4 22. g4 Be5 23. f4 Bd6 24. g5 Rad8 25. b3 b5 26. c4 Kb6 27. Rac1 b4 28. Nc2 a5 29. Bd5 Bg4 30. Rd2 e6 31. Bf3 Bf5 32. Ne1 Bg6 33. Rcd1 Bc7 34. Rxd8 Rxd8 35. Rxd8 Bxd8 36. e4 a4 37. Ke3 Bc7 38. Nd3 Bd6 39. Ne5 Be7 40. Nxg6 fxg6 41. e5 Kc7 42. Be4 axb3 43. axb3 Kd8 44. Bxg6 Bf8 45. Bh5 Ke7 46. Bg4 Kf7 47. Bxh3 Be7 48. Bg4 Bd8 49. Kf3 Be7 50. Kg2 Bd8 51. Kh3 Be7 52. Kxh4 Bd8 53. Kg3 Be7 54. h4 Bd8 55. Kf3 Be7 56. Ke4 Bd8 57. h5 Be7 58. h6 Bf8 59. Bh5+ Ke7 60. f5 exf5+ 61. Kxf5 Kd7 62. Bf3 Ke7 63. Bd5 Kd7 64. Kg6 Ke7 65. h7 1-0


[Site "https://www.chess.com"]

[Event "Titled Tuesday Blitz February 28 Late 2023"]
[White "Dudzinski, Pawel"]
[Black "rikchessmx"]
[WhiteFideId "1117890"]
[WhiteElo "2099"]
[BlackElo "2175"]
[Result "1-0"]
[Round "02"]
[TimeControl "180+2"]
[Date "2023.02.28"]
[WhiteClock "0:00:10"]
[BlackClock "0:00:10"]

1. e4 c5 2. Nc3 g6 3. g3 Bg7 4. Bg2 d6 5. d3 Nc6 6. Be3 Nh6 7. h3 f5 8. Qd2 Nf7 9. exf5 Bxf5 10. g4 Bd7 11. f4 e5 12. Nf3 exf4 13. Bxf4 O-O 14. O-O Nd4 15. Nxd4 Bxd4+ 16. Be3 Bc6 17. Bxd4 cxd4 18. Nd5 Ne5 19. g5 Bxd5 20. Bxd5+ Kg7 21. Rxf8 Qxf8 22. Rf1 Qc8 23. Qf4 Qd8 24. h4 Qe7 25. Qxd4 Rf8 26. Rxf8 Qxf8 27. Bxb7 Qb8 28. Bg2 Qc7 29. c3 Kf8 30. Qf4+ Ke8 31. d4 Nc4 32. b3 Nb6 33. Qe4+ Kd8 34. Qc6 Qe7 35. Qe4 Qd7 36. c4 d5 37. cxd5 Qb5 38. d6 Qd7 39. Qe7+ Qxe7 40. dxe7+ Kxe7 41. Kf2 Kd6 42. Ke3 Nd7 43. Be4 Nf8 44. d5 Nd7 45. Kd4 Ne5 46. b4 Nd7 47. a4 Nb6 48. a5 Nc8 49. h5 gxh5 50. Bxh7 Ne7 51. Be4 h4 52. g6 h3 53. g7 h2 54. b5 Nf5+ 55. Bxf5 h1=Q 56. g8=Q Qd1+ 57. Bd3 Qg4+ 58. Qxg4 a6 59. Qe6+ 1-0


[Site "https://www.chess.com"]

[Event "Titled Tuesday Blitz February 28 Late 2023"]
[White "Matsuura, Frederico"]
[Black "TimGrutter03"]
[WhiteFideId "2107848"]
[WhiteElo "2302"]
[BlackElo "2465"]
[Result "1-0"]
[Round "02"]
[TimeControl "180+2"]
[Date "2023.02.28"]
[WhiteClock "0:00:14"]
[BlackClock "0:00:01"]

1. d4 g6 2. e4 Bg7 3. Bc4 d6 4. Nf3 c6 5. a4 d5 6. exd5 cxd5 7. Bb5+ Bd7 8. O-O Nf6 9. Ne5 O-O 10. Nxd7 Nbxd7 11. c3 a6 12. Bd3 e5 13. dxe5 Nxe5 14. Bf4 Nc6 15. Nd2 Qb6 16. Qb3 Qa7 17. Be3 Qb8 18. Nf3 Ne5 19. Nxe5 Qxe5 20. Bd4 Qd6 21. h3 Qd7 22. Rfe1 Rfe8 23. a5 Ne4 24. Bxg7 Kxg7 25. Qb4 f5 26. Qd4+ Nf6 27. Qb6 Rxe1+ 28. Rxe1 Re8 29. Rxe8 Nxe8 30. Qd4+ Nf6 31. Qe5 Qd8 32. b4 Qe8 33. Qc7+ Qd7 34. Qc5 Ne4 35. Qd4+ Nf6 36. Be2 Qe7 37. Bf3 Qe1+ 38. Kh2 Qe6 39. c4 dxc4 40. Bxb7 Kf7 41. b5 axb5 42. a6 Qe7 43. Bd5+ Nxd5 44. Qxd5+ Kf6 45. Qd4+ 1-0


[Site "https://www.chess.com"]

[Event "Titled Tuesday Blitz February 28 Late 2023"]
[White "Adel, Sara"]
[Black "Sokolin, Leonid"]
[WhiteFideId "10616764"]
[BlackFideId "2009161"]
[WhiteElo "1997"]
[BlackElo "2394"]
[Result "1-0"]
[Round "02"]
[TimeControl "180+2"]
[Date "2023.02.28"]
[WhiteClock "0:00:53"]
[BlackClock "0:00:17"]

1. e4 c5 2. Nf3 Nc6 3. d4 cxd4 4. Nxd4 e5 5. Nb5 d6 6. N1c3 a6 7. Na3 Be6 8. Nd5 Bxd5 9. Qxd5 Nf6 10. Qd1 d5 11. exd5 Qxd5 12. Qxd5 Nxd5 13. Bc4 O-O-O 14. Bg5 f6 15. Bh4 Bxa3 16. bxa3 h5 17. O-O-O Nc3 18. Rxd8+ Rxd8 19. f3 Nd4 20. Be1 Nde2+ 21. Kb2 Nd1+ 22. Ka1 Ne3 23. Bxe2 Nxc2+ 24. Kb2 Nd4 25. Bc4 b5 26. Bd3 Kb7 27. Ba5 Rd7 28. Be4+ Ka7 29. Rc1 f5 30. Bc6 Rd6 31. Be8 g6 32. Rc7+ Kb8 33. Rg7 Nc6 34. Bc7+ 1-0


[Site "https://www.chess.com"]

[Event "Titled Tuesday Blitz February 28 Late 2023"]
[White "Dahlgren, James Allen"]
[Black "Plotkin, Victor"]
[WhiteFideId "22256873"]
[BlackFideId "2606674"]
[WhiteElo "2150"]
[BlackElo "2214"]
[Result "0-1"]
[Round "02"]
[TimeControl "180+2"]
[Date "2023.02.28"]
[WhiteClock "0:00:17"]
[BlackClock "0:00:09"]

1. e4 e5 2. Nc3 Nf6 3. Nf3 Bb4 4. Nd5 Nxd5 5. exd5 d6 6. c3 Bc5 7. d4 exd4 8. cxd4 Bb4+ 9. Bd2 Bxd2+ 10. Qxd2 O-O 11. Be2 Nd7 12. O-O Nf6 13. Bc4 Bg4 14. Qf4 Bh5 15. Rfe1 Re8 16. Rxe8+ Qxe8 17. Re1 Qd7 18. h3 Re8 19. Rxe8+ Qxe8 20. Qe3 Qxe3 21. fxe3 Bg6 22. Nd2 Be4 23. Nxe4 Nxe4 24. Bd3 f5 25. g4 g6 26. Bxe4 fxe4 27. g5 c6 28. dxc6 bxc6 29. Kf2 Kf7 30. Kg3 Ke6 31. Kf4 d5 32. Kg4 a5 33. a4 Kd6 34. Kf4 c5 35. b3 cxd4 36. exd4 Ke6 37. Kg4 Kd6 38. Kf4 Ke6 39. h4 Kd6 40. Ke3 Ke7 41. Kf4 Kd8 42. Kg4 Kc7 43. Kf4 Kd6 44. Ke3 Ke7 45. Kd2 Ke6 46. Kc3 Kf5 47. b4 axb4+ 48. Kxb4 Ke6 49. a5 Kd6 50. h5 gxh5 0-1


[Site "https://www.chess.com"]

[Event "Titled Tuesday Blitz February 28 Late 2023"]
[White "Girsh, Daniel"]
[Black "Tsukerman, Julia"]
[WhiteFideId "30949190"]
[BlackFideId "2621649"]
[WhiteElo "2075"]
[BlackElo "1667"]
[Result "1-0"]
[Round "02"]
[TimeControl "180+2"]
[Date "2023.02.28"]
[WhiteClock "0:01:34"]
[BlackClock "0:00:17"]

1. d4 d5 2. Bf4 e6 3. e3 Nf6 4. Nf3 c5 5. c3 Nc6 6. Nbd2 c4 7. e4 Nxe4 8. Nxe4 dxe4 9. Ng5 Qd5 10. Qe2 f5 11. Qxc4 h6 12. Nh3 g5 13. Bd2 Qxc4 14. Bxc4 Bd6 15. O-O Ne7 16. f4 g4 17. Nf2 Ng6 18. Nd1 Ke7 19. a3 Bd7 20. a4 h5 21. b4 Rac8 22. Bb3 h4 23. c4 b6 24. c5 bxc5 25. dxc5 Bc7 26. Nc3 Bb8 27. Be3 a6 28. b5 axb5 29. axb5 e5 30. Nd5+ Kd8 31. c6 Be6 32. fxe5 Bxe5 33. Rad1 Bxd5 34. Rxd5+ Ke8 35. Rxf5 1-0


[Site "https://www.chess.com"]

[Event "Titled Tuesday Blitz February 28 Late 2023"]
[White "Golubev, Mikhail"]
[Black "Comas Fabrego, Lluis"]
[WhiteFideId "14100983"]
[BlackFideId "2200325"]
[WhiteElo "2374"]
[BlackElo "2523"]
[Result "1-0"]
[Round "02"]
[TimeControl "180+2"]
[Date "2023.02.28"]
[WhiteClock "0:01:05"]
[BlackClock "0:00:19"]

1. e4 c5 2. Nf3 d6 3. d4 cxd4 4. Nxd4 Nf6 5. Nc3 g6 6. Be3 Bg7 7. f3 O-O 8. Qd2 Nc6 9. Bc4 Bd7 10. g4 Ne5 11. Bb3 Qa5 12. O-O-O Rfc8 13. h4 Rc4 14. g5 Nh5 15. f4 Nf3 16. Nxf3 Rxc3 17. e5 Bg4 18. Rhf1 dxe5 19. fxe5 e6 20. Qxc3 Qxc3 21. bxc3 Bxf3 22. Rxf3 Bxe5 23. Rd7 1-0


[Site "https://www.chess.com"]

[Event "Titled Tuesday Blitz February 28 Late 2023"]
[White "The_Sherman_Variation"]
[Black "Michalski, Olaf"]
[BlackFideId "1106740"]
[WhiteElo "2451"]
[BlackElo "2173"]
[Result "1/2-1/2"]
[Round "02"]
[TimeControl "180+2"]
[Date "2023.02.28"]
[WhiteClock "0:00:25"]
[BlackClock "0:00:08"]

1. Nf3 d6 2. d4 Bg4 3. e4 Nf6 4. Nc3 Nc6 5. Be2 e6 6. h3 Bh5 7. Bg5 Be7 8. d5 exd5 9. exd5 Bxf3 10. Bxf3 Nxd5 11. Nxd5 Bxg5 12. Qe2+ Be7 13. O-O O-O 14. Nxe7+ Qxe7 15. Qb5 Qd7 16. Qxb7 Ne5 17. b3 Nxf3+ 18. Qxf3 a5 19. a4 Rfe8 20. Rad1 h6 21. Rd3 Rab8 22. Rfd1 Re5 23. Rd5 Rbe8 24. Rxe5 Rxe5 25. Rd5 Re1+ 26. Kh2 c5 27. Qc3 Qe6 28. Rd3 Qe5+ 29. Qxe5 dxe5 30. Re3 Rc1 31. c3 f6 32. b4 cxb4 33. cxb4 axb4 34. Rb3 Rc4 35. a5 Rc5 36. Rxb4 Rxa5 37. f3 Kf7 38. Kg3 Kg6 39. h4 Kf5 40. Rc4 g6 41. Rb4 h5 42. Rc4 Rd5 43. Rb4 Rd4 44. Rb8 Ra4 45. Rb5 Ra3 46. Rb4 Rd3 47. Rc4 g5 48. hxg5 fxg5 49. Ra4 Rd4 50. Ra8 Rd2 51. Rf8+ Kg6 52. Rg8+ Kf6 53. Rf8+ Kg6 54. Re8 Kf6 55. Rh8 h4+ 56. Kh3 Kf5 57. Rf8+ Ke6 58. Rg8 Kf5 59. Rf8+ Kg6 60. Re8 Kf6 61. Rf8+ Kg6 62. Re8 Kf6 63. Rf8+ Kg6 1/2-1/2


[Site "https://www.chess.com"]

[Event "Titled Tuesday Blitz February 28 Late 2023"]
[White "Chemin, Justo Reinaldo"]
[Black "Mazurkiewicz, Michal"]
[WhiteFideId "2101580"]
[BlackFideId "1124943"]
[WhiteElo "1940"]
[BlackElo "2054"]
[Result "0-1"]
[Round "02"]
[TimeControl "180+2"]
[Date "2023.02.28"]
[WhiteClock "0:00:15"]
[BlackClock "0:00:32"]

1. e4 d6 2. d4 Nf6 3. Nc3 c6 4. g3 e5 5. dxe5 dxe5 6. Qxd8+ Kxd8 7. Bg5 Be6 8. O-O-O+ Kc7 9. f4 Bb4 10. Bxf6 gxf6 11. Nge2 Nd7 12. a3 Bd6 13. f5 Bc4 14. Ng1 Bxf1 15. Rxf1 a5 16. Nge2 Nc5 17. g4 b5 18. Ng3 Bf8 19. Nh5 b4 20. axb4 axb4 21. Nb1 Nxe4 22. Re1 Bh6+ 23. Kd1 Nf2+ 24. Ke2 Nxh1 25. Rxh1 Ra1 26. Nxf6 Rd8 27. Ne4 Rd4 28. Kf3 b3 29. cxb3 Rd3+ 30. Kf2 Rxb3 31. Nbd2 Rxh1 32. Nxb3 Rxh2+ 33. Kf3 Rxb2 34. Nbc5 Bf8 35. Nd3 Rb3 36. Ke2 Ra3 37. Nxe5 f6 38. Nxf6 Bc5 39. Ne8+ Kd8 40. Nc4 Ra2+ 41. Kd3 Kxe8 42. f6 Rg2 43. Ne5 Bd6 44. Nxc6 Rxg4 45. Na7 Kf7 46. Nb5 Be5 0-1


[Site "https://www.chess.com"]

[Event "Titled Tuesday Blitz February 28 Late 2023"]
[White "Wu, Sibo"]
[Black "Gurevich, Ilya"]
[WhiteFideId "8606048"]
[BlackFideId "2000628"]
[WhiteElo "2450"]
[BlackElo "2124"]
[Result "1/2-1/2"]
[Round "02"]
[TimeControl "180+2"]
[Date "2023.02.28"]
[WhiteClock "0:00:30"]
[BlackClock "0:00:02"]

1. d4 Nf6 2. Bf4 g6 3. Nc3 d5 4. e3 Bg7 5. h4 h5 6. Nf3 O-O 7. Ne5 c5 8. Be2 cxd4 9. exd4 Nc6 10. Qd2 Ne4 11. Nxe4 dxe4 12. O-O-O Nxe5 13. dxe5 Qb6 14. g4 Bxg4 15. Bxg4 hxg4 16. h5 Rfd8 17. Qe2 Rxd1+ 18. Qxd1 Qxf2 19. Qxg4 Qf3 20. Qxf3 exf3 21. h6 Bh8 22. Rf1 Rd8 23. Rxf3 Rd5 24. Re3 e6 25. b3 Kh7 26. c3 g5 27. Bxg5 Rxe5 28. Rxe5 Bxe5 29. Kd2 Bd6 30. Ke3 Bf8 31. Kd4 Bxh6 32. Bh4 Bg7+ 33. Kc5 Bxc3 34. Bf2 Kg6 35. Kc4 Be5 36. Bxa7 f5 37. a4 f4 38. a5 Kf5 39. b4 Ke4 40. b5 Bc7 41. b6 Bd8 42. Kc5 f3 43. a6 f2 44. axb7 f1=Q 45. b8=Q Qc1+ 46. Kd6 Qf4+ 47. Kc6 Qxb8 48. Bxb8 Bxb6 49. Kxb6 Kd5 50. Kb5 e5 51. Bxe5 1/2-1/2


[Site "https://www.chess.com"]

[Event "Titled Tuesday Blitz February 28 Late 2023"]
[White "Levine, David"]
[Black "Dzida, Kamil"]
[WhiteFideId "2011611"]
[BlackFideId "21828652"]
[WhiteElo "2122"]
[BlackElo "2139"]
[Result "0-1"]
[Round "02"]
[TimeControl "180+2"]
[Date "2023.02.28"]
[WhiteClock "0:00:02"]
[BlackClock "0:01:00"]

1. d4 Nf6 2. c4 e6 3. g3 c5 4. d5 exd5 5. cxd5 Bd6 6. Nc3 O-O 7. Bg2 Re8 8. Nf3 Bf8 9. O-O d6 10. Nd2 Na6 11. h3 Rb8 12. a4 Nb4 13. Nc4 b6 14. Bf4 a6 15. Re1 b5 16. axb5 axb5 17. Na5 Qb6 18. e4 c4 19. Bg5 Nd3 20. Bxf6 Qxf2+ 21. Kh2 Qxf6 22. Rf1 Qh6 23. Nc6 Rb7 24. Qc2 Qe3 25. Rf3 Ne1 26. Rxe1 Qxe1 27. Na5 Rbe7 28. Nxb5 Qxa5 29. Nxd6 Rd8 30. Nxc4 Qc5 31. b3 Ba6 32. d6 Ra7 33. Rf5 Qd4 34. Rd5 Qa1 35. e5 Bxc4 36. Qxc4 Ra2 0-1


[Site "https://www.chess.com"]

[Event "Titled Tuesday Blitz February 28 Late 2023"]
[White "Ramirez Allo, Eduardo"]
[Black "Bongo Akanga Ndjila, Barthelemy"]
[WhiteFideId "2224178"]
[BlackFideId "10609431"]
[WhiteElo "2448"]
[BlackElo "1768"]
[Result "1-0"]
[Round "02"]
[TimeControl "180+2"]
[Date "2023.02.28"]
[WhiteClock "0:01:13"]
[BlackClock "0:01:05"]

1. Nf3 d5 2. c4 dxc4 3. e3 Nf6 4. Na3 c5 5. Nxc4 Bd7 6. d4 b5 7. Nce5 c4 8. a4 bxa4 9. Bxc4 e6 10. Nxd7 Bb4+ 11. Bd2 Bxd2+ 12. Qxd2 Nbxd7 13. Rxa4 O-O 14. Bd3 Nd5 15. O-O N7b6 16. Ra3 Qd6 17. Rfa1 Qc7 18. g3 Rfc8 19. Ba6 Rd8 20. Bf1 Rdc8 21. Ba6 Rd8 22. Rc1 Qd6 23. Ne5 Nb4 24. Nc4 Nxc4 25. Bxc4 a5 26. Rca1 Qb6 27. Be2 e5 28. Bf3 Ra7 29. d5 Nxd5 30. Bxd5 Qc5 31. Bxf7+ 1-0


[Site "https://www.chess.com"]

[Event "Titled Tuesday Blitz February 28 Late 2023"]
[White "Souza, Gustavo Horokoski De"]
[Black "Mortazavi, Ali"]
[WhiteFideId "2146584"]
[BlackFideId "401323"]
[WhiteElo "1859"]
[BlackElo "2339"]
[Result "0-1"]
[Round "02"]
[TimeControl "180+2"]
[Date "2023.02.28"]
[WhiteClock "0:00:26"]
[BlackClock "0:00:43"]

1. d4 Nf6 2. c4 g6 3. Nc3 Bg7 4. e4 O-O 5. Be2 d6 6. Bg5 Nbd7 7. f4 c5 8. d5 b5 9. cxb5 a6 10. bxa6 Qa5 11. Qc2 Rb8 12. Rc1 Nxe4 13. Qxe4 Rxb2 14. Qd3 c4 15. Qf3 Nc5 16. Kf1 Nd3 17. Bxd3 cxd3 18. Nd1 Bxa6 0-1


[Site "https://www.chess.com"]

[Event "Titled Tuesday Blitz February 28 Late 2023"]
[White "Seletsky, Grigory"]
[Black "Eliteplayer3"]
[WhiteFideId "14112191"]
[WhiteElo "2490"]
[BlackElo "2089"]
[Result "1-0"]
[Round "02"]
[TimeControl "180+2"]
[Date "2023.02.28"]
[WhiteClock "0:00:21"]
[BlackClock "0:00:02"]

1. e4 c6 2. d4 d5 3. Nc3 dxe4 4. Nxe4 Nf6 5. Ng3 h5 6. h3 h4 7. N3e2 c5 8. Nf3 Nc6 9. c3 Bf5 10. Nf4 cxd4 11. Nxd4 Nxd4 12. cxd4 a6 13. Bd3 Bxd3 14. Qxd3 e6 15. O-O Bd6 16. Ne2 Nd5 17. Bd2 O-O 18. Qe4 Qf6 19. Qg4 Be7 20. Nc3 Rfd8 21. Rad1 Rd7 22. Bc1 Rad8 23. Ne4 Qf5 24. Qxf5 exf5 25. Nc5 Rc7 26. Nb3 Bf6 27. a3 Nb6 28. Bd2 Rc4 29. Ba5 Rd6 30. Rd3 Nd5 31. Rfd1 Nf4 32. R3d2 Bxd4 33. Bc3 Bxc3 34. Rxd6 Bxb2 35. Rd8+ Kh7 36. R8d7 Kg6 37. Rxb7 Bxa3 38. Kf1 Rc2 39. Rb6+ f6 40. Rxa6 Bb4 41. Rb6 Bc3 42. Rc6 Nh5 43. Na1 Bxa1 44. Rxc2 Be5 45. Rc4 Nf4 46. Ra1 Kh5 47. Raa4 g5 48. Ra8 Kg6 49. Ra7 Nd5 50. Rc8 Nf4 51. Rg8+ Kh6 52. Rf7 Ne6 53. Re7 Nf4 54. Rge8 Ng6 55. Rf7 Nf4 56. Rd8 Ng6 57. Rdd7 1-0


[Site "https://www.chess.com"]

[Event "Titled Tuesday Blitz February 28 Late 2023"]
[White "Ricaurte Lopez, Juan Carlos"]
[Black "Sreyas Payyappat"]
[WhiteFideId "3600327"]
[BlackFideId "46674969"]
[WhiteElo "2209"]
[BlackElo "2083"]
[Result "0-1"]
[Round "02"]
[TimeControl "180+2"]
[Date "2023.02.28"]
[WhiteClock "0:00:03"]
[BlackClock "0:00:02"]

1. e4 c6 2. d4 d5 3. exd5 cxd5 4. c4 Nf6 5. Nc3 Nc6 6. Bg5 Be6 7. Nf3 h6 8. Bxf6 exf6 9. a3 Be7 10. c5 O-O 11. Bd3 f5 12. O-O Bf6 13. Bb5 Na5 14. Re1 a6 15. Ba4 b5 16. Bc2 Nc6 17. Qd3 g6 18. b4 Qd7 19. Bb3 Rfd8 20. h4 f4 21. Ne5 Bxe5 22. dxe5 d4 23. Ne4 Kg7 24. Nd6 Bxb3 25. Qxb3 Qe6 26. Qf3 Nxe5 27. Qxf4 f6 28. h5 g5 29. Qe4 Ra7 30. Nf5+ Kf8 31. Nxd4 Qc4 32. Rad1 Rad7 33. Qf5 Rxd4 34. Qxf6+ Nf7 0-1


[Site "https://www.chess.com"]